 Dungeon Crawl Stone Soup version 0.26-a0-663-g36e8fdb655 (webtiles) character file.

Game seed: 310076919703848328

273 Kinoniko the Skirmisher (level 6, -1/66 HPs)
             Began as an Ogre Berserker on Oct 12, 2020.
             Was a Believer of Trog.
             Killed from afar by an orc wizard (3 damage)
             ... with a magic dart
             ... on level 4 of the Dungeon.
             The game lasted 00:04:40 (2664 turns).

Kinoniko the Skirmisher (Ogre Berserker)            Turns: 2664, Time: 00:04:41

Health: -1/66      AC:  4    Str: 22    XL:     6   Next: 23%
Magic:  15/15      EV: 11    Int: 10    God:    Trog [**....]
Gold:   196        SH:  0    Dex: 10    Spells: 5/5 levels left

rFire    . . .     SeeInvis .   q - +0 halberd
rCold    . . .     Faith    .   (shield currently unavailable)
rNeg     + . .     Spirit   .   b - +1 animal skin
rPois    .         Reflect  .   (helmet restricted)
rElec    .         Harm     .   k - scarf {+Inv}
rCorr    .         Rampage  .   (gloves unavailable)
MR       .....                  (boots unavailable)
Stlth    +.........             (no amulet)
HPRegen  0.21/turn              g - ring of positive energy
MPRegen  0.14/turn              r - ring of magical power

@: mighty, berserk cooldown, slowed, very slow
A: large, unfitting armour, blurry vision 1, clever 1, tough skin 1
a: Berserk, Trog's Hand, Renounce Religion, Evoke Invisibility


You were on level 4 of the Dungeon.
You worshipped Trog.
Trog was pleased with you.
You visited 1 branch of the dungeon, and saw 4 of its levels.

You collected 196 gold pieces.

Inventory:

Hand Weapons
 a - a +0 spear
 q - a +0 halberd (weapon)
Armour
 b - a +1 animal skin (worn)
 k - a scarf of invisibility (worn)
Jewellery
 g - a ring of positive energy (left hand)
 r - a ring of magical power (right hand)
Wands
 o - a wand of iceblast (7)
Scrolls
 e - 2 scrolls of noise
 m - a scroll of fog {unknown}
 s - 3 scrolls of identify
 t - a scroll of blinking {unknown}
 u - a scroll of remove curse {unknown}
Potions
 d - a potion of might
 f - a potion of stabbing {unknown}
 h - a potion of ambrosia {unknown}
 i - a potion of berserk rage {unknown}
 j - a potion of brilliance {unknown}
 l - 3 potions of cancellation {unknown}
 n - a potion of flight {unknown}
 p - a potion of heal wounds {unknown}
 v - a potion of magic {unknown}


   Skills:
 + Level 5.5 Fighting
 * Level 5.2 Polearms
 + Level 3.9 Dodging


You had 5 spell levels left.
You didn't know any spells.
Your spell library was empty.

Dungeon Overview and Level Annotations

Branches:
Dungeon (4/15)             Temple (0/1) D:4

Altars:
Kikubaaqudgha

Shops:
D:4 [


Innate Abilities, Weirdness & Mutations

You are too large for most types of armour.
You have tough skin. (AC +1)
Scrolls take you a little longer to read.
Your mind is acute. (Int +2)


Message History

* * * LOW HITPOINT WARNING * * *
You miss something.
You feel sick.
You are no longer poisoned.
You hear some strange, mumbled words.
A puff of flame appears from out of thin air!
The puff of flame hits you!
* * * LOW HITPOINT WARNING * * *
Something hits you but does no damage.
It was a potion of might.
You feel very mighty all of a sudden. Something hits you.
* * * LOW HITPOINT WARNING * * *
Something hits you but does no damage.
It was a potion of mutation.
You feel extremely strange.
Your vision blurs.
You feel clever. Something hits you but does no damage.
You hear some strange, mumbled words.
A magic dart appears from out of thin air!
The magic dart hits you.
You die...

#...###########
#...............
#..#.##..#.##.##
#..#.....#......
#.....##....# ##.#
#..##....##.#....#
#.....##......##.#
#...#....>)##....#
#...#.##..{@..#..
........##.#.# .
#.#....)# .. ..
#..##.. #.# #
......## .. ..##
#.. # ##. #.. ...


There were no monsters in sight!

Vanquished Creatures
  A centaur (D:3)
  A centaur skeleton (D:4)
  A worker ant (D:4)
  A hound skeleton (D:4)
  3 gnolls (D:3)
  3 adders
  An ooze (D:1)
  An adder skeleton (D:3)
  A worm (D:3)
  5 leopard geckos
  7 orcs
  2 giant cockroaches (D:2)
  3 hobgoblins
  4 jackals (D:2)
  6 kobolds
  A quokka (D:3)
  4 bats
  6 frilled lizards
  A goblin (D:1)
  4 rats
56 creatures vanquished.

Vanquished Creatures (others)
  A human (D:3)
  9 toadstools (D:4)
10 creatures vanquished.

Grand Total: 66 creatures vanquished

Notes
Turn   | Place    | Note
-------+----------+-------------------------------------------
     0 | D:1      | Kinoniko the Ogre Berserker began the quest for the Orb.
     0 | D:1      | Reached XP level 1. HP: 24/24 MP: 1/1
   227 | D:1      | Reached XP level 2. HP: 26/32 MP: 2/2
   730 | D:2      | Reached XP level 3. HP: 40/40 MP: 3/3
  1664 | D:3      | Reached ** piety under Trog
  1684 | D:3      | Reached XP level 4. HP: 49/49 MP: 4/4
  1689 | D:3      | Noticed a centaur
  1701 | D:3      | Killed a centaur
  1701 | D:3      | Reached skill level 5 in Fighting
  1701 | D:3      | Reached XP level 5. HP: 46/57 MP: 5/5
  1892 | D:3      | Found an ancient bone altar of Kikubaaqudgha.
  1892 | D:3      | Noticed a human
  1896 | D:3      | Killed a human
  2397 | D:4      | Reached skill level 5 in Polearms
  2397 | D:4      | Reached XP level 6. HP: 56/66 MP: 6/6
  2549 | D:4      | Found Momira's Antique Armour Shoppe.
  2634 | D:4      | Found a staircase to the Ecumenical Temple.
  2663 | D:4      | HP: 2/66 [something (2)]
  2664 | D:4      | Gained mutation: Scrolls take you a little longer to read.
                  | [potion of mutation]
  2664 | D:4      | Gained mutation: Your mind is acute. (Int +2) [potion of
                  | mutation]
  2664 | D:4      | Killed from afar by an orc wizard

Illustrated notes

Levels and vault maps discovered:
D:1:      saegor_arrival_simple_a, layout_rooms
D:2:      layout_loops_ring, minmay_domino_4
D:3:      layout_basic, tgw_kikubaaqudgha
D:4:      cheibrodos_fertilizer, layout_layer_cave, minmay_temple_entry_ruins,
          gammafunk_ghost_mausoleum, serial_shops, shop,
          chequers_serial_rivers_small_b

Skill      XL: |  1  2  3  4  5 |
---------------+----------------+-----
Dodging        | 3 |  3.9
Polearms       | 4 5 |  5.2
Fighting       | 5 |  5.5

Action                   |  1- 3 |  4- 6 || total
-------------------------+-------+-------++-------
Melee: Spear             |   149 |    35 ||   184
       Halberd           |       |    56 ||    56
Invok: Berserk           |     1 |     2 ||     3
  Use: Scroll            |     5 |       ||     5
       Potion            |       |     2 ||     2
Armor: Animal skin       |    47 |    25 ||    72
Dodge: Dodged            |    57 |    56 ||   113

Table legend: (Time is in decaauts)
 A = Elapsed time spent in this place.
 B = Non-inter-level travel time spent in this place.
 C = Inter-level travel time spent in this place.
 D = Time resting spent in this place.
 E = Time spent auto-exploring this place.
 F = Levels seen in this place.
 G = Mean time per level.
                   A        B        C        D        E       F      G
               +--------+--------+--------+--------+--------+-----+--------+
         Total |   2679 |   2615 |     64 |    431 |   1758 |   4 |  669.8 |
       Dungeon |   2679 |   2615 |     64 |    431 |   1758 |   4 |  669.8 |
               +--------+--------+--------+--------+--------+-----+--------+

Top non-repeatable levels by time:
     D:2: 1146 daAuts
     D:3: 823 daAuts
     D:1: 379 daAuts
     D:4: 330 daAuts
